 Dungeon Crawl Stone Soup version 0.31-a0-217-g58bb5d79cf (webtiles) character file.

Game seed: 351786814659786014

19907 gelatine the Skirmisher (level 12, -15/94 HPs)
             Began as a Demonspawn Hunter on July 3, 2023.
             Was a Priest of Qazlal.
             Killed from afar by a tengu reaver (32 damage)
             ... with a bolt of lightning
             ... on level 12 of the Dungeon.
             The game lasted 00:34:48 (12871 turns).

gelatine the Skirmisher (Demonspawn Hunter)        Turns: 12871, Time: 00:34:49

Health: -15/94     AC: 15    Str: 11    XL:     12   Next: 40%
Magic:  0/12       EV: 21    Int: 11    God:    Qazlal [***...]
Gold:   1048       SH: 10    Dex: 22    Spells: 11/11 levels left

rFire   . . .        a - +0 shortbow (heavy)
rCold   . . .        (shield currently unavailable)
rNeg    + . .        C - +2 robe {Will+}
rPois   .            O - +2 hat {Will+}
rElec   .            c - +2 cloak of Grace {rN+}
rCorr   .            m - +2 pair of gloves
SInv    .            n - +1 pair of boots
Will    ++...        t - amulet of guardian spirit
Stlth   ++           q - +5 ring of evasion
HPRegen 0.35/turn    y - ring of flight
MPRegen 0.13/turn

%: guardian spirit
@: flying
A: hooves 1, large bone plates 2, foul stench 3, spiny 2
a: Renounce Religion, Upheaval, Elemental Force


You were on level 12 of the Dungeon.
You worshipped Qazlal.
Qazlal was most pleased with you.
You visited 2 branches of the dungeon, and saw 13 of its levels.
You also visited: Sewer, Ossuary and Bailey.

You collected 1264 gold pieces.
You spent 216 gold pieces at shops.

Inventory:

Hand Weapons
 a - a +0 heavy shortbow (weapon)
 N - a +0 shortbow of freezing
Armour
 c - the +2 cloak of Grace (worn) {rN+}
   (You acquired it on level 3 of the Dungeon)

   rN:        It protects you from negative energy.
 m - a +2 pair of gloves (worn)
 n - a +1 pair of boots (worn)
 r - a +2 robe of cold resistance
 C - a +2 robe of willpower (worn)
 L - the +2 plate armour "Guedux" {rC+}
   (You took it off an orc warrior on level 7 of the Dungeon)

   rC:        It protects you from cold.
 M - a +0 kite shield
 O - a +2 hat of willpower (worn)
 Q - +0 steam dragon scales
 T - +0 acid dragon scales
Magical Staves
 B - a staff of air
Jewellery
 q - a +5 ring of evasion (left hand)
 t - an amulet of guardian spirit (around neck)
 y - a ring of flight (right hand)
 A - an amulet of magic regeneration
 Y - an amulet of the acrobat
Wands
 D - a wand of roots (8)
 E - a wand of digging (12)
 S - a wand of charming (14)
 Z - a wand of light (4)
Scrolls
 b - a scroll of butterflies
 e - a scroll of blinking
 i - 2 scrolls of enchant armour
 k - 3 scrolls of immolation
 x - 4 scrolls of fear
 F - a scroll of teleportation
 G - 5 scrolls of amnesia
 J - a scroll of fog
 K - a scroll of enchant weapon
 P - a scroll of torment
 R - 3 scrolls of poison
 U - a scroll of brand weapon
 V - a scroll of summoning
 W - a scroll of revelation
Potions
 d - 3 potions of might
 f - 2 potions of haste
 g - 8 potions of brilliance
 h - 2 potions of cancellation
 j - 4 potions of invisibility
 l - 9 potions of curing
 o - 2 potions of enlightenment
 p - 2 potions of attraction
 s - 2 potions of lignification {unknown}
 u - 4 potions of degeneration {unknown}
 v - 2 potions of berserk rage {unknown}
 w - 7 potions of mutation
 z - 3 potions of heal wounds
 H - a potion of resistance {unknown}
 I - 2 potions of magic
Miscellaneous
 X - a piece from Xom's chessboard (15/15)


   Skills:
 * Level 8.8 Fighting
 * Level 14.0 Ranged Weapons
 * Level 6.6 Armour
 * Level 6.3 Dodging
 + Level 2.6 Stealth
 * Level 5.5 Shields


You had 11 spell levels left.
You didn't know any spells.
Your spell library contained the following spells:

 Spells                   Type           Power      Damage    Failure   Level
 Apportation              Tloc           0%         N/A       34%         1
 Beastly Appendage        Tmut           0%         N/A       34%         1
 Kiss of Death            Conj/Necr      0%         2d5       34%         1
 Necrotise                Necr           0%         1d4       34%         1
 Summon Small Mammal      Summ           0%         N/A       34%         1
 Wereblood                Tmut           0%         N/A       47%         2
 Confusing Touch          Hex            0%         N/A       71%         3
 Spider Form              Tmut/Pois      0%         N/A       71%         3
 Vhi's Electric Charge    Tloc/Air       0%         N/A       71%         3
 Anguish                  Hex/Necr       0%         N/A       98%         4
 Cause Fear               Hex            0%         N/A       98%         4
 Dispel Undead            Necr           0%         3d6       98%         4
 Arcjolt                  Conj/Air       0%         1d10      100%        5
 Enfeeble                 Hex            0%         N/A       100%        7
 Maxwell's Capacitive Co  Air            0%         ∞         100%        8


Dungeon Overview and Level Annotations

Branches:
Dungeon (12/15)            Temple (1/1) D:7            Lair (0/5) D:9
    Orc (0/2) D:10          Sewer (visited)         Ossuary (visited)
 Bailey (visited)

Altars:
Ashenzari
Cheibriados
Dithmenos
Fedhas
Gozag
Hepliaklqana
Kikubaaqudgha
Makhleb
Nemelex Xobeh
Okawaru
Qazlal
Ru
Sif Muna
Trog
Uskayaw
Vehumet
Wu Jian
Xom
Yredelemnul

Shops:
D:5 !   D:7 *   D:8 ?**   D:9 ::   D:12 *


Innate Abilities, Weirdness & Mutations

You have large cloven feet.
You are mostly covered in large bone plates. (SH +6)
You frequently emit foul miasma when damaged in melee.
You are mostly covered in sharp spines.


Message History

The efreet is almost dead.
You shoot an arrow. The arrow hits the efreet!
You kill the efreet!
Qazlal accepts your kill.
No target in view!
You see here a +2 scimitar of flaming.
You hear a shout!
A tengu reaver comes into view. It is wielding a +0 battleaxe.
There is a large open door, spattered with blood here.
You shoot an arrow. The arrow hits the tengu reaver!
The tengu reaver is lightly wounded.
You shoot an arrow. The arrow hits the tengu reaver!
The tengu reaver is moderately wounded.
The electric eel shoots out a bolt of lightning at you!
The bolt of electricity hits you! The bolt of electricity hits you.
You shoot an arrow. The arrow hits the electric eel!
The electric eel is severely wounded.
You shoot an arrow.
The arrow closely misses the tengu reaver.
You shoot an arrow. The arrow misses the tengu reaver.
The tengu reaver gestures at you while chanting.
The bolt of poison hits you!
You are poisoned.
You shoot an arrow. The arrow hits the tengu reaver.
The tengu reaver is moderately wounded.
You feel very sick. The tengu reaver casts a spell at you.
The bolt of lightning hits you!! x2
* * * LOW HITPOINT WARNING * * *
You hear a shout! x3
Blink to where?
Press: ? - help, Q - select action, (/) - cycle Dir - move target, p - tengu reaver
As you read the scroll of blinking, it crumbles to dust.
* * * LOW HITPOINT WARNING * * *
You feel very sick.
You feel better.
There is a stone staircase leading down here.
The tengu reaver casts a spell at you. The bolt of lightning hits you!!!
You die...

#.# #........#
#..# #.#
#Q.......######..#
#.#
#.#####...........
#.# #.#
#.#######.## #.#
#.# #.# #.#
#.#####.# #.# #.#
#.....○.# #.# #.#
#.......# #.# #.#
#......@# #.# #.#
#.#####.# #.# #.#
#.# #.# #.# #.#
#.# #.# #.# #.#
#.# #.# #.# #.#
#.# #.# #.# #.#
#.# #.# #.# #<#
#.# #.# #.# #.#
#.# #.# #.# #.#


You could see a tengu reaver.

Vanquished Creatures
  An ettin (D:12)
  2 vault guards (Bailey)
  A boulder beetle (D:11)
  4 two-headed ogres
  Pikel (D:5)
  A deep elf pyromancer (D:12)
  An ugly thing (D:12)
  A manticore (D:12)
  3 cyclopes
  Joseph (D:8)
  An unseen horror (D:12)
  An efreet (D:12)
  The ghost of Zonian the Magician, a novice DEIE (D:7)
  2 trolls
  Prince Ribbit (D:5)
  A blink frog (Bailey)
  2 vampires
  A wraith (D:11)
  A wyvern (D:9)
  8 humans (Bailey)
  A basilisk (D:12)
  12 yaks (D:9)
  3 steam dragons
  8 vampire mosquitoes
  Edmund (D:4)
  2 acid dragons
  A water moccasin (D:6)
  4 orc warriors
  A sky beast (D:7)
  A black bear (D:4)
  An ogre (D:5)
  6 centaurs
  3 lemures (D:5)
  6 kobold brigands
  3 phantoms
  19 bullfrogs
  A gnoll sergeant (D:7)
  A scorpion (D:6)
  8 wights
  4 killer bees (D:9)
  2 electric eels
  3 howler monkeys
  4 jellies
  6 orc priests
  2 hounds
  16 orc wizards
  2 iguanas (D:5)
  8 mummies (Ossuary)
  2 river rats
  11 adders
  5 gnolls
  2 shadow imps (D:8)
  3 ufetubi
  2 worms
  2 dart slugs
  45 orcs
  16 endoplasms
  14 giant cockroaches
  3 gnoll zombies (Ossuary)
  11 goblins
  5 hobgoblins
  3 jackals (D:1)
  3 quokkas
  7 ball pythons
  6 bats
  A frilled lizard (D:1)
  3 hobgoblin zombies (Ossuary)
  26 kobolds
  2 kobold zombies (Ossuary)
  4 rats
340 creatures vanquished.

Notes
Turn   | Place    | Note
-------+----------+-------------------------------------------
     0 | D:1      | gelatine the Demonspawn Hunter began the quest for the Orb.
     0 | D:1      | Reached XP level 1. HP: 16/16 MP: 1/1
   340 | D:1      | Gained mutation: You are partially covered in sharp spines.
                  | [demonic ancestry]
   340 | D:1      | Reached XP level 2. HP: 22/22 MP: 2/2
   351 | D:1      | Reached skill level 4 in Ranged Weapons
   842 | D:2      | Gained mutation: You may rarely emit foul miasma when
                  | damaged in melee. [demonic ancestry]
   842 | D:2      | Reached XP level 3. HP: 27/27 MP: 3/3
   886 | D:2      | Reached skill level 1 in Armour
  1635 | D:3      | Reached XP level 4. HP: 34/34 MP: 4/4
  1649 | D:3      | Identified a scroll of acquirement
  1649 | D:3      | Acquired the +2 cloak of Grace {rN+}
  1738 | D:3      | Reached skill level 5 in Ranged Weapons
  1738 | D:3      | Gained mutation: You sometimes emit foul miasma when
                  | damaged in melee. [demonic ancestry]
  1738 | D:3      | Reached XP level 5. HP: 39/39 MP: 5/5
  1853 | D:3      | Found a hazy altar of Hepliaklqana.
  1934 | D:3      | Found a glowing drain.
  1943 | Sewer    | Entered a sewer
  2105 | Sewer    | Reached skill level 6 in Ranged Weapons
  2105 | Sewer    | Gained mutation: You have large cloven feet. [demonic
                  | ancestry]
  2105 | Sewer    | Reached XP level 6. HP: 34/46 MP: 6/6
  2593 | Sewer    | Gained mutation: You are partially covered in large bone
                  | plates. (SH +4) [demonic ancestry]
  2593 | Sewer    | Reached XP level 7. HP: 31/52 MP: 7/7
  3417 | D:4      | Noticed Edmund
  3433 | D:4      | Killed Edmund
  3434 | D:4      | Reached skill level 7 in Ranged Weapons
  3434 | D:4      | Reached skill level 1 in Stealth
  4255 | D:5      | Entered Level 5 of the Dungeon
  4255 | D:5      | Noticed Pikel
  4315 | D:5      | Found Aptup's Distillery.
  4324 | D:5      | Bought a potion of curing for 33 gold pieces
  4324 | D:5      | Bought a potion of heal wounds for 55 gold pieces
  4324 | D:5      | Bought a potion of curing for 33 gold pieces
  4471 | D:5      | Noticed Prince Ribbit
  4472 | D:5      | Gained mutation: You frequently emit foul miasma when
                  | damaged in melee. [demonic ancestry]
  4472 | D:5      | Reached XP level 8. HP: 60/60 MP: 8/8
  4516 | D:5      | Killed Prince Ribbit
  4517 | D:5      | Reached skill level 8 in Ranged Weapons
  4781 | D:5      | Killed Pikel
  4782 | D:5      | Reached skill level 9 in Ranged Weapons
  4782 | D:5      | Reached skill level 1 in Shields
  5172 | D:6      | Reached XP level 9. HP: 64/66 MP: 7/9
  5330 | D:6      | Reached skill level 5 in Fighting
  6047 | D:7      | Found a sand-covered staircase.
  6054 | Ossuary  | Entered an ossuary
  6343 | D:7      | Reached skill level 10 in Ranged Weapons
  6362 | D:7      | Found a staircase to the Ecumenical Temple.
  6374 | D:7      | Found Uxyoq's Neck Hole.
  6390 | D:7      | Found a runed translucent gate.
  6390 | D:7      | Found a runed translucent gate.
  6391 | D:7      | Found a runed translucent gate.
  6391 | D:7      | Noticed Zonian's ghost (novice DEIE)
  6391 | D:7      | Identified the +2 plate armour "Guedux" {rC+}
  6396 | D:7      | Found a shimmering altar of Xom.
  6401 | D:7      | Found a shimmering altar of Xom.
  6401 | D:7      | Found a shimmering altar of Xom.
  6460 | D:7      | Found a flagged portal.
  6469 | Bailey   | Entered a bailey
  6549 | Bailey   | Gained mutation: You are mostly covered in large bone
                  | plates. (SH +6) [demonic ancestry]
  6549 | Bailey   | Reached XP level 10. HP: 76/76 MP: 10/10
  6553 | Bailey   | Noticed a vault guard
  6578 | Bailey   | Killed a vault guard
  6579 | Bailey   | Reached skill level 11 in Ranged Weapons
  6587 | Bailey   | Reached skill level 5 in Dodging
  6757 | Bailey   | Noticed a vault guard
  6768 | Bailey   | Killed a vault guard
  7000 | Bailey   | Reached skill level 5 in Armour
  7225 | D:7      | Found a bloodstained altar of Trog.
  7359 | D:7      | Found a shimmering altar of Xom.
  7359 | D:7      | Found a shimmering altar of Xom.
  7361 | D:7      | Found a shimmering altar of Xom.
  7363 | D:7      | Found a shimmering altar of Xom.
  7763 | Temple   | Entered the Ecumenical Temple
  7916 | Temple   | Became a worshipper of Qazlal Stormbringer
  7983 | D:7      | Killed Zonian's ghost
  8281 | D:8      | Found a shimmering blue altar of Sif Muna.
  8310 | D:8      | Reached XP level 11. HP: 82/84 MP: 11/11
  8315 | D:8      | Reached * piety under Qazlal
  8454 | D:8      | Noticed Joseph
  8456 | D:8      | Found Beloklug's Magic Scroll Emporium.
  8460 | D:8      | Reached skill level 12 in Ranged Weapons
  8471 | D:8      | Killed Joseph
  8543 | D:8      | Bought a scroll of enchant armour for 75 gold pieces
  8543 | D:8      | Bought a scroll of identify for 20 gold pieces
  8572 | D:8      | Found Sewuimi's Specific Store.
  8573 | D:8      | Found Ecaluemepn's General Store.
  8849 | D:9      | Found Kaetzitt's Vocational Training.
  9166 | D:9      | Found Wuumn's Book Shoppe.
  9401 | D:9      | Noticed a two-headed ogre
  9407 | D:9      | Killed a two-headed ogre
  9483 | D:9      | Found a staircase to the Lair.
  9668 | D:10     | Entered Level 10 of the Dungeon
  9754 | D:10     | Noticed a two-headed ogre
  9764 | D:10     | Killed a two-headed ogre
  9792 | D:10     | Reached ** piety under Qazlal
 10021 | D:10     | Found a shadowy altar of Dithmenos.
 10158 | D:10     | Reached skill level 5 in Shields
 10231 | D:10     | Found a staircase to the Orcish Mines.
 10264 | D:10     | Reached skill level 13 in Ranged Weapons
 10848 | D:11     | Noticed a boulder beetle
 10859 | D:11     | Killed a boulder beetle
 11336 | D:11     | Noticed a two-headed ogre
 11344 | D:11     | Killed a two-headed ogre
 11345 | D:11     | Gained mutation: You are mostly covered in sharp spines.
                  | [demonic ancestry]
 11345 | D:11     | Reached XP level 12. HP: 87/93 MP: 12/12
 11856 | D:12     | Noticed a two-headed ogre
 11862 | D:12     | Killed a two-headed ogre
 12006 | D:12     | Noticed a deep elf annihilator
 12068 | D:12     | Noticed an ettin
 12087 | D:12     | Killed an ettin
 12290 | D:12     | Reached *** piety under Qazlal
 12462 | D:12     | Reached skill level 14 in Ranged Weapons
 12494 | D:12     | Found Duhesopp's Assorted Antiques.
 12844 | D:12     | Noticed a tengu reaver
 12851 | D:12     | HP: 3/94 [poisoned by a tengu reaver (bolt of poison)]
 12871 | D:12     | Killed from afar by a tengu reaver

Illustrated notes

Levels and vault maps discovered:
D:1:      dpeg_arrival_refuge, layout_loops_ring, minmay_split_cup_large
D:2:      minmay_roachtagon, layout_basic
D:3:      cheibrodos_fertilizer, layout_loops_ring,
          mainiacjoe_overflow_brackets, cheibrodos_sewer_entry_sluice,
          grunt_decor_clamped, kennysheep_donut, minmay_statues_item,
          grunt_ministairs_4
D:4:      layout_gridville, serial_bayou_lagoon_a, nicolae_the_louvre,
          uniq_edmund
D:5:      layout_basic, serial_shops, nicolae_shop_crystal, uniq_pikel,
          uniq_prince_ribbit1
D:6:      layout_gridville, solitary_fountain
D:7:      layout_loops_ring, kennysheep_mini_moat, xom_redecorated,
          temple_statues, enter_bailey_8, nicolae_ossuary_entry_ruins,
          biasface_ghost_orc_armoury, minivault_19,
          nicolae_shop_sticking_my_neck_out
D:8:      layout_basic, mainiacjoe_overflow_six_doors_small, serial_shops, shop,
          nicolae_specific_store, kennysheep_dice, uniq_joseph
D:9:      layout_loops_ring, lemuel_doored_altar, lair_entry_dummy,
          serial_shops, nicolae_shop_window_shopping, nrook_mini_vaults,
          nicolae_shop_vocational
D:10:     layout_stronghold, lemuel_crystal_altar, orc_david_3,
          minmay_crystal_room, minmay_misc_feat_encased, lightli_minifort
D:11:     layout_cave_pods, serial_column_ruins, column_ruins_open_tiny,
          column_ruins_open_tiny, column_ruins_grid_1, column_ruins_open_small,
          column_ruins_corridor_corner, column_ruins_corridor_straight,
          gauntlet_entry_generic
D:12:     cross_vault, layout_long_grid, serial_shops, shop,
          dreamdust_wishing_well, corner_web_ring
Temple:   minmay_temple_bridge_d

Skill      XL: |  1  2  3  4  5  6  7  8  9 10 11 12 |
---------------+-------------------------------------+-----
Ranged Weapons | 4 5 6 7 9 10 11 13 14 | 14.0
Armour         | 1 2 3 4 5 6 |  6.6
Dodging        | 2 3 4 5 6 |  6.3
Fighting       | 3 4 5 7 8 |  8.8
Stealth        | 1 2 |  2.6
Shields        | 1 3 4 5 |  5.5

Action                     |  1- 3 |  4- 6 |  7- 9 | 10-12 || total
---------------------------+-------+-------+-------+-------++-------
  Melee: Shortbow          |       |       |     4 |       ||     4
   Fire: Shortbow          |    72 |   173 |   418 |   522 ||  1185
    Use: Scroll            |     1 |     6 |     9 |    16 ||    32
         Potion            |       |       |       |     2 ||     2
 Armour: Leather armour    |    13 |       |       |       ||    13
         Robe              |     2 |     6 |    37 |    40 ||    85
  Dodge: Dodged            |    23 |    38 |   144 |   176 ||   381
  Block: Other             |       |       |    38 |    87 ||   125

Table legend: (Time is in decaauts)
 A = Elapsed time spent in this place.
 B = Non-inter-level travel time spent in this place.
 C = Inter-level travel time spent in this place.
 D = Time resting spent in this place.
 E = Time spent auto-exploring this place.
 F = Levels seen in this place.
 G = Mean time per level.
                   A        B        C        D        E       F      G
               +--------+--------+--------+--------+--------+-----+--------+
         Total |  13166 |  12119 |   1047 |      0 |   9754 |  16 |  822.9 |
       Dungeon |  11217 |  10236 |    981 |      0 |   8330 |  12 |  934.8 |
        Temple |    175 |    109 |     66 |      0 |     99 |   1 |  175.0 |
         Sewer |    908 |    908 |      0 |      0 |    705 |   1 |  908.0 |
       Ossuary |    241 |    241 |      0 |      0 |    158 |   1 |  241.0 |
        Bailey |    622 |    622 |      0 |      0 |    461 |   1 |  622.0 |
               +--------+--------+--------+--------+--------+-----+--------+

Top non-repeatable levels by time:
    D:12: 1146 daAuts
    D:11: 1124 daAuts
     D:3: 1047 daAuts
     D:6: 994 daAuts
     D:7: 989 daAuts
    D:10: 962 daAuts
     D:4: 948 daAuts
   Sewer: 908 daAuts
     D:2: 867 daAuts
     D:9: 854 daAuts
     D:5: 809 daAuts
     D:8: 746 daAuts
     D:1: 729 daAuts
  Bailey: 622 daAuts
 Ossuary: 241 daAuts
